3R
QUEBEC ROOKIES @ GREENPORT HARBOR WHALES
07/19/2034
 
TOP OF THE 1ST
Quebec Rookies batting - Pitching for Greenport Harbor Whales : RHP Enrique Hernández
Pitching: RHP Enrique Hernández
Batting: SHB Marx Vink 0-0: Called Strike
0-1: Bunt missed!
0-2: Ball
1-2: Ball
2-2: Ball
3-2: Fly out, F3 (Line Drive, 3)
Batting: RHB Jesús Gómez 0-0: Ball
1-0: Foul Ball, location: 2F
1-1: Ball
2-1: Foul Ball, location: 2F
2-2: Ball
3-2: Strikes out swinging
Batting: RHB Christian Patriarche 0-0: Ball
1-0: Ball
2-0: Called Strike
2-1: SINGLE (Groundball, 34D)
Batting: LHB Keith Pick 0-0: Foul Ball, location: 2F
0-1: Fly out, F8 (Line Drive, 78M)
Top of the 1st over - 0 runs, 1 hit, 0 errors, 1 left on base; Quebec 0 - Greenport 0
BOTTOM OF THE 1ST
Greenport Harbor Whales batting - Pitching for Quebec Rookies : LHP Kenny Hunt
Pitching: LHP Kenny Hunt
Batting: RHB Hae-young Kwak 0-0: Called Strike
0-1: Ball
1-1: Foul Ball, location: 2F
1-2: Strikes out looking
Batting: RHB Javier Botín 0-0: Called Strike
0-1: Ball
1-1: Ground out 5-3 (Groundball, 56S)
Batting: RHB Jon Hill 0-0: Ground out 6-3 (Groundball, 6)
Bottom of the 1st over - 0 runs, 0 hits, 0 errors, 0 left on base; Quebec 0 - Greenport 0
TOP OF THE 2ND
Quebec Rookies batting - Pitching for Greenport Harbor Whales : RHP Enrique Hernández
Batting: RHB António Sánchez 0-0: Ball
1-0: Ball
2-0: Ball
3-0: Base on Balls
Batting: RHB Punisa Tukovic 0-0: Fly out, F8 (Flyball, 8LD)
Batting: RHB Rien Provoost 0-0: Fly out, F9 (Flyball, 9S)
Batting: RHB Albert Montoya 0-0: Ball
1-0: Called Strike
1-1: Ball
2-1: Ball
3-1: Called Strike
3-2: Ground out 4-3 (Groundball, 4)
Top of the 2nd over - 0 runs, 0 hits, 0 errors, 1 left on base; Quebec 0 - Greenport 0
BOTTOM OF THE 2ND
Greenport Harbor Whales batting - Pitching for Quebec Rookies : LHP Kenny Hunt
Batting: RHB Ian Sankey 0-0: Called Strike
0-1: Ball
1-1: Ground out 4-3 (Groundball, 4)
Batting: LHB Jun Yang 0-0: Called Strike
0-1: Ball
1-1: Ground out 3-1 (Groundball, 34)
Batting: RHB Pung-cho Chang 0-0: SINGLE (Groundball, 56D)
Batting: RHB Kent Potter 0-0: Ball
1-0: Foul Ball, location: 2F
1-1: Ball
2-1: Ground out 4-3 (Groundball, 4)
Bottom of the 2nd over - 0 runs, 1 hit, 0 errors, 1 left on base; Quebec 0 - Greenport 0
TOP OF THE 3RD
Quebec Rookies batting - Pitching for Greenport Harbor Whales : RHP Enrique Hernández
Batting: RHB Joe Morris 0-0: Ball
1-0: Swinging Strike
1-1: Foul Ball, location: 2F
1-2: Ball
2-2: Foul Ball, location: 2F
2-2: Fly out, F8 (Flyball, 78D)
Batting: SHB Marx Vink 0-0: Ball
1-0: Ground out 3-1 (Groundball, 34)
Batting: RHB Jesús Gómez 0-0: Called Strike
0-1: Called Strike
0-2: Strikes out swinging
Top of the 3rd over - 0 runs, 0 hits, 0 errors, 0 left on base; Quebec 0 - Greenport 0
BOTTOM OF THE 3RD
Greenport Harbor Whales batting - Pitching for Quebec Rookies : LHP Kenny Hunt
Batting: SHB Cal Ellis 0-0: Ball
1-0: Ball
2-0: Fly out, F9 (Flyball, 9D)
Batting: RHB Richard Armitage 0-0: Fly out, F4 (Popup, 4)
Batting: RHB Hae-young Kwak 0-0: Called Strike
0-1: Foul Ball, location: 2F
0-2: Strikes out swinging
Bottom of the 3rd over - 0 runs, 0 hits, 0 errors, 0 left on base; Quebec 0 - Greenport 0
TOP OF THE 4TH
Quebec Rookies batting - Pitching for Greenport Harbor Whales : RHP Enrique Hernández
Batting: RHB Christian Patriarche 0-0: Called Strike
0-1: Ball
1-1: Foul Ball, location: 2F
1-2: Ball
2-2: Strikes out looking
Batting: LHB Keith Pick 0-0: Foul Ball, location: 2F
0-1: Ball
1-1: Foul Ball, location: 2F
1-2: Ball
2-2: Ball
3-2: Ground out 4-3 (Groundball, 4M)
Batting: RHB António Sánchez 0-0: Fly out, F9 (Flyball, 9LMF)
Top of the 4th over - 0 runs, 0 hits, 0 errors, 0 left on base; Quebec 0 - Greenport 0
BOTTOM OF THE 4TH
Greenport Harbor Whales batting - Pitching for Quebec Rookies : LHP Kenny Hunt
Batting: RHB Javier Botín 0-0: Swinging Strike
0-1: Fly out, F7 (Line Drive, 7)
Batting: RHB Jon Hill 0-0: Foul Ball, location: 2F
0-1: Foul Ball, location: 2F
0-2: Ball
1-2: Ball
2-2: Strikes out swinging
Batting: RHB Ian Sankey 0-0: Called Strike
0-1: Foul Ball, location: 2F
0-2: Foul Ball, location: 2F
0-2: Foul Ball, location: 2F
0-2: Ground out 5-3 (Groundball, 5S)
Bottom of the 4th over - 0 runs, 0 hits, 0 errors, 0 left on base; Quebec 0 - Greenport 0
TOP OF THE 5TH
Quebec Rookies batting - Pitching for Greenport Harbor Whales : RHP Enrique Hernández
Pitching: LHP Royce Ortíz
Batting: RHB Punisa Tukovic 0-0: Ball
1-0: Called Strike
1-1: Called Strike
1-2: Fly out, F7 (Flyball, 7S)
Batting: RHB Rien Provoost 0-0: Ball
1-0: Called Strike
1-1: Fly out, F9 (Flyball, 9)
Batting: RHB Albert Montoya 0-0: Called Strike
0-1: Foul Ball, location: 2F
0-2: Strikes out looking
Top of the 5th over - 0 runs, 0 hits, 0 errors, 0 left on base; Quebec 0 - Greenport 0
BOTTOM OF THE 5TH
Greenport Harbor Whales batting - Pitching for Quebec Rookies : LHP Kenny Hunt
Batting: LHB Jun Yang 0-0: DOUBLE (Line Drive, 8LD)
Batting: RHB Pung-cho Chang 0-0: Swinging Strike
0-1: Ball
1-1: Ball
2-1: Called Strike
2-2: Foul Ball, location: 2F
2-2: Foul Ball, location: 2F
2-2: DOUBLE (Line Drive, 7)
Jun Yang scores
Batting: RHB Kent Potter 0-0: Ball
1-0: Called Strike
1-1: Ball
2-1: Foul Ball, location: 2F
2-2: Ground out 6-3 (Groundball, 56)
Batting: SHB Cal Ellis 0-0: Ball
1-0: SINGLE (Groundball, 56S) (infield hit)
Pung-cho Chang to third
Batting: RHB Richard Armitage 0-0: Ball
1-0: Ball
2-0: Called Strike
2-1: SINGLE (Line Drive, 4MD)
Pung-cho Chang scores
Cal Ellis to second
Batting: RHB Hae-young Kwak 0-0: Ball
1-0: Called Strike
1-1: SINGLE (Groundball, 56S) (infield hit)
Cal Ellis to third
Richard Armitage to second
Batting: RHB Javier Botín 0-0: Foul Ball, location: 2F
0-1: Ball
1-1: Foul Ball, location: 2F
1-2: Ball
2-2: Ball
3-2: Strikes out looking
Batting: RHB Jon Hill 0-0: Ball
1-0: DOUBLE (Line Drive, 78D)
Cal Ellis scores
Richard Armitage scores
Hae-young Kwak to third
Runner from 3rd tries for Home, SAFE, no throw
Pinch Runner at 2nd Javier Soriano:
Batting: RHB Ian Sankey 0-0: Ball
1-0: Swinging Strike
1-1: Foul Ball, location: 2F
1-2: Foul Ball, location: 2F
1-2: Foul Ball, location: 2F
1-2: Strikes out swinging
Bottom of the 5th over - 5 runs, 6 hits, 0 errors, 1 left on base; Quebec 0 - Greenport 5
TOP OF THE 6TH
Quebec Rookies batting - Pitching for Greenport Harbor Whales : LHP Royce Ortíz
Now at 2B: Javier Soriano
Batting: RHB Joe Morris 0-0: Foul Ball, location: 2F
0-1: Ball
1-1: Foul Ball, location: 2F
1-2: Ball
2-2: Fly out, F8 (Flyball, 8LM)
Batting: SHB Marx Vink 0-0: Foul Ball, location: 2F
0-1: Called Strike
0-2: Ball
1-2: Strikes out swinging
Batting: RHB Jesús Gómez 0-0: Foul Ball, location: 2F
0-1: Ball
1-1: Swinging Strike
1-2: Reached on error, E1 (Groundball, 15S)
Batting: RHB Christian Patriarche 0-0: Ball
1-0: Ball
2-0: Fly out, F8 (Line Drive, 8RD)
Top of the 6th over - 0 runs, 0 hits, 1 error, 1 left on base; Quebec 0 - Greenport 5
BOTTOM OF THE 6TH
Greenport Harbor Whales batting - Pitching for Quebec Rookies : LHP Kenny Hunt
Pitching: RHP Eisse Tak
Batting: LHB Jun Yang 0-0: Fly out, F8 (Flyball, 8LD)
Batting: RHB Pung-cho Chang 0-0: Foul Ball, location: 2F
0-1: Foul Ball, location: 2F
0-2: Ball
1-2: Strikes out swinging
Batting: RHB Kent Potter 0-0: Ball
1-0: Ball
2-0: Called Strike
2-1: Swinging Strike
2-2: Strikes out swinging
Bottom of the 6th over - 0 runs, 0 hits, 0 errors, 0 left on base; Quebec 0 - Greenport 5
TOP OF THE 7TH
Quebec Rookies batting - Pitching for Greenport Harbor Whales : LHP Royce Ortíz
Batting: LHB Keith Pick 0-0: Ball
1-0: Called Strike
1-1: Foul Ball, location: 2F
1-2: Ball
2-2: Strikes out swinging
Batting: RHB António Sánchez 0-0: Ball
1-0: Called Strike
1-1: Foul Ball, location: 2F
1-2: Strikes out swinging
Batting: RHB Punisa Tukovic 0-0: Ball
1-0: Ball
2-0: Reached on error, E5 (Groundball, 56)
Batting: RHB Rien Provoost 0-0: Called Strike
Punisa Tukovic steals 2nd base
0-1: Ball
1-1: Swinging Strike
1-2: Foul Ball, location: 2F
1-2: Foul Ball, location: 2F
1-2: Strikes out swinging
Top of the 7th over - 0 runs, 0 hits, 1 error, 1 left on base; Quebec 0 - Greenport 5
BOTTOM OF THE 7TH
Greenport Harbor Whales batting - Pitching for Quebec Rookies : RHP Eisse Tak
Batting: SHB Cal Ellis 0-0: Swinging Strike
0-1: Swinging Strike
0-2: Ball
1-2: Ball
2-2: Ball
3-2: Strikes out swinging
Batting: RHB Richard Armitage 0-0: Called Strike
0-1: Called Strike
0-2: Ball
1-2: Foul Ball, location: 2F
1-2: Ball
2-2: Foul Ball, location: 2F
2-2: Strikes out swinging
Batting: RHB Hae-young Kwak 0-0: Called Strike
0-1: Ball
1-1: Foul Ball, location: 2F
1-2: Strikes out looking
Bottom of the 7th over - 0 runs, 0 hits, 0 errors, 0 left on base; Quebec 0 - Greenport 5
TOP OF THE 8TH
Quebec Rookies batting - Pitching for Greenport Harbor Whales : LHP Royce Ortíz
Batting: RHB Albert Montoya 0-0: Ball
1-0: Called Strike
1-1: Swinging Strike
1-2: Strikes out swinging
Batting: RHB Joe Morris 0-0: Foul Ball, location: 2F
0-1: Swinging Strike
0-2: Strikes out swinging
Batting: SHB Marx Vink 0-0: SINGLE (Groundball, 34D)
Batting: RHB Jesús Gómez 0-0: Ball
1-0: Called Strike
1-1: Called Strike
1-2: SINGLE (Line Drive, 56D)
Marx Vink to second
Batting: RHB Christian Patriarche 0-0: Fly out, F5 (Line Drive, 5S)
Top of the 8th over - 0 runs, 2 hits, 0 errors, 2 left on base; Quebec 0 - Greenport 5
BOTTOM OF THE 8TH
Greenport Harbor Whales batting - Pitching for Quebec Rookies : RHP Eisse Tak
Batting: RHB Javier Botín 0-0: Foul Ball, location: 2F
0-1: Foul Ball, location: 2F
0-2: Ball
1-2: Foul Ball, location: 2F
1-2: SINGLE (Groundball, 6MD)
Batting: RHB Javier Soriano 0-0: Ball
1-0: Ball
2-0: Grounds into double play, 5-4-3 (Groundball, 5)
Batting: RHB Ian Sankey 0-0: Ball
1-0: Ball
2-0: Ball
3-0: Swinging Strike
3-1: Called Strike
3-2: Strikes out swinging passed ball, reaches first!
Batting: LHB Jun Yang 0-0: Ball
1-0: Ball
2-0: SINGLE (Line Drive, 78M)
Ian Sankey to second
Batting: RHB Pung-cho Chang 0-0: Called Strike
0-1: Ball
1-1: SINGLE (Groundball, 6D)
Ian Sankey to third
Jun Yang to second
Runner from 3rd tries for Home, SAFE, no throw
Batting: RHB Kent Potter 0-0: Ball
1-0: 3-RUN HOME RUN (Flyball, 7D), Distance : 385 ft
Batting: SHB Cal Ellis 0-0: Called Strike
0-1: Ball
1-1: Foul Ball, location: 2F
1-2: Ground out 4-3 (Groundball, 4D)
Bottom of the 8th over - 4 runs, 4 hits, 0 errors, 0 left on base; Quebec 0 - Greenport 9
TOP OF THE 9TH
Quebec Rookies batting - Pitching for Greenport Harbor Whales : LHP Royce Ortíz
Now at C: Jesús Marguel
Batting: LHB Keith Pick 0-0: Ball
1-0: Swinging Strike
1-1: Called Strike
1-2: Strikes out swinging
Batting: RHB António Sánchez 0-0: Ball
1-0: Ball
2-0: Foul Ball, location: 2F
2-1: Swinging Strike
2-2: DOUBLE (Flyball, 8RXD)
Batting: RHB Punisa Tukovic 0-0: Ball
1-0: Ball
2-0: Reached on error, E6 (Groundball, 6)
António Sánchez scores
Batting: RHB Rien Provoost 0-0: Ball
1-0: Swinging Strike
1-1: Foul Ball, location: 2F
1-2: Foul Ball, location: 2F
1-2: Strikes out looking
Batting: RHB Albert Montoya 0-0: Ball
1-0: Ball
2-0: SINGLE (Line Drive, 3)
Punisa Tukovic to third
Batting: RHB Joe Morris 0-0: Ball
1-0: Called Strike
1-1: Ball
2-1: Ball
3-1: Foul Ball, location: 2F
3-2: Foul Ball, location: 2F
3-2: Base on Balls
Albert Montoya to second
Batting: SHB Marx Vink 0-0: Ball
1-0: SINGLE (Line Drive, 89M)
Punisa Tukovic scores
Albert Montoya to third
Joe Morris to second
Batting: RHB Jesús Gómez 0-0: Called Strike
0-1: Ball
1-1: Called Strike
1-2: Ball
2-2: Fielders Choice at 2nd, 5-4 (Groundball, 56)
Top of the 9th over - 2 runs, 3 hits, 1 error, 3 left on base; Quebec 2 - Greenport 9
Friday, March 29th, 2019 - OOTP Baseball 18.8 Build 76